 Dungeon Crawl Stone Soup version 0.17-a0-2073-gde5cdba (webtiles) character file.

42 brucemayne the Chopper (level 3, 0/29 HPs)
             Began as a Demonspawn Berserker on Oct 14, 2015.
             Was a Follower of Trog.
             Succumbed to poison (a potion of poison)
             ... on level 2 of the Dungeon.
             The game lasted 00:03:04 (617 turns).

brucemayne the Chopper (Demonspawn Berserker)        Turns: 617, Time: 00:03:04

Health: 0/29       AC:  5    Str: 13 (16) XL:     3   Next: 35%
Magic:  3/3        EV: 10    Int:  8      God:    Trog [*.....]
Gold:   19         SH:  0    Dex: 12      Spells: 0 memorised, 2 levels left

rFire  + + .     SeeInvis .     a - +0 hand axe
rCold  + . .     Clarity  .     j - +0 ring mail
rNeg   . . .     SustAt   .     (no shield)
rPois  +         Gourm    .     (no helmet)
rElec  +         Spirit   .     (no cloak)
rCorr  +         Warding  .     (no gloves)
rMut   .         Stasis   .     (no boots)
MR     .....                    (no amulet)
Stlth  +.........               (no ring)
                                (no ring)

@: lethally poisoned (0 -> -16), resistant, very slightly contaminated, hasted,
very quick, not resistant to hostile enchantments, very unstealthy
A: claws 1, fire resistance 1, powered by pain 1, weak 1
a: Burn Spellbooks, Berserk, Renounce Religion


You were on level 2 of the Dungeon.
You worshipped Trog.
Trog was aware of your devotion.
You were not hungry.

You visited 1 branch of the dungeon, and saw 2 of its levels.

You collected 19 gold pieces.

Inventory:

Hand Weapons
 a - a +0 hand axe (weapon)
Missiles
 f - 6 javelins (quivered)
 n - 2 curare-tipped needles
Armour
 b - a +0 animal skin
 j - a +0 ring mail (worn)
Wands
 h - a wand of hasting (2)
Scrolls
 g - a scroll of identify {unknown}
Comestibles
 c - 2 bread rations
 l - 3 chunks of flesh


   Skills:
 - Level 3.0 Fighting
 + Level 4.0 Axes
 - Level 1.7 Armour
 - Level 1.7 Dodging


You had 2 spell levels left.
You didn't know any spells.

Dungeon Overview and Level Annotations

Branches:
Dungeon (2/15)

Altars:


Innate Abilities, Weirdness & Mutations

You have sharp fingernails.
You sometimes gain a little power by taking damage.
Your flesh is heat resistant.
You are weak. (Str -2)


Message History

Evoke which item? (* to show all) (? for menu, Esc to quit)
Zapping:
h - a wand of hasting (will waste charges)
Press: ? - help, Shift-Dir - straight line, f - you You feel yourself speed up.
You are very lightly contaminated with residual magic.
Evoking this partially-identified wand wasted a few charges.
* * * LOW HITPOINT WARNING * * *
You feel sick. The jackal closely misses you.
The jackal bites you but does no damage.
* * * LOW HITPOINT WARNING * * *
You feel sick.
* * * LOW HITPOINT WARNING * * *
You feel sick.
* * * LOW HITPOINT WARNING * * *
You feel sick.
* * * LOW HITPOINT WARNING * * *
You feel sick.
* * * LOW HITPOINT WARNING * * *
You feel sick.
You die...

....# #)# ##..########.# ###.#
#)# #..# #.# #.# #.# #..# #.#
###.# #.# #..# #.# #...# #.#
#..########.# #.### #.#
#...wbS)g.g.# #.# #.#
#######h#.#######.# #.#
#.###.........# #.#
#.#######.##....@###..# #h#
.............#...#?#..# #S#
..#######..#...##.##..#######.#
...........#...#.#......S.h...#
.###.........##.##....######..#
#.###.....#g#.....## #..# #
#.####)##....## #..# ###.
#g#[..#....S## #..# #....
#.#$..#.(..## ##..#


You could see a jackal.

Vanquished Creatures
  2 gnolls (D:2)
  An adder (D:2)
  A bat (D:2)
  3 giant cockroaches
  A goblin (D:2)
  A quokka (D:2)
  A giant newt (D:2)
  3 kobolds (D:2)
  4 rats
17 creatures vanquished.

Notes
Turn   | Place    | Note
--------------------------------------------------------------
     0 | D:1      | brucemayne the Demonspawn Berserker began the quest for the Orb.
     0 | D:1      | Reached XP level 1. HP: 18/18 MP: 1/1
   275 | D:2      | Found a faded altar to an unknown god.
   308 | D:2      | Gained mutation: You sometimes gain a little power by taking damage. [demonic ancestry]
   308 | D:2      | Reached XP level 2. HP: 10/24 MP: 2/2
   507 | D:2      | Gained mutation: You have sharp fingernails. [demonic ancestry]
   507 | D:2      | Reached XP level 3. HP: 9/29 MP: 3/3
   594 | D:2      | Gained mutation: You are weak. (Str -2) [potion of mutation]
   594 | D:2      | Gained mutation: Your flesh is heat resistant. [potion of mutation]
   606 | D:2      | Reached skill level 4 in Axes
   615 | D:2      | HP: 1/29 [poison (a potion of poison)]
   617 | D:2      | Succumbed to poison (a potion of poison)

Vault maps used:
D:1:      minmay_arrival_stair_chambers
D:2:      ecumenical_altar_1, minmay_vboxes

Action                   || total
-------------------------++-------
Melee: Hand axe          ||    67
Invok: Berserk           ||     2
Evoke: Wand              ||     1
  Use: Scroll            ||     1
       Potion            ||     5
  Eat: Chunk             ||     1
